 Dungeon Crawl Stone Soup version 0.29.1-15-g9cfb28693d (webtiles) character file.

Game seed: 13763715810906581860

3518 devnull the Nimble (level 10, -5/76 HPs)
             Began as a Merfolk Gladiator on Apr 23, 2023.
             Was a Believer of Zin.
             Slain by a large slime creature (11 damage)
             ... on level 7 of the Dungeon on Apr 26, 2023.
             The game lasted 00:19:17 (9456 turns).

devnull the Nimble (Merfolk Gladiator)              Turns: 9456, Time: 00:19:17

Health: -5/76      AC: 11    Str: 18    XL:     10   Next: 8%
Magic:  4/4        EV: 17    Int: 11    God:    Zin [**....]
Gold:   258        SH:  0    Dex: 16    Spells: 9/9 levels left

rFire   + . .      SeeInvis .   a - +1 trident (antimagic)
rCold   . . .      Faith    .   (no shield)
rNeg    . . .      Spirit   .   t - +1 ring mail "Qut Fibol" {rPois rF+ rCorr Int+3}
rPois   +          Reflect  .   c - +1 helmet
rElec   .          Harm     .   (no cloak)
rCorr   +          Rampage  .   u - +0 pair of gloves
Will    .....                   r - +1 pair of boots
Stlth   +.........              (no amulet)
HPRegen 0.22/turn               (no ring)
MPRegen 0.09/turn               (no ring)

@: no status effects
A: (nimble swimmer 2), mertail
a: Renounce Religion, Recite, Vitalisation, Donate Gold


You were on level 7 of the Dungeon.
You worshipped Zin.
Zin was pleased with you.
You visited 2 branches of the dungeon, and saw 9 of its levels.

You collected 398 gold pieces.
You spent 105 gold pieces at shops.
You donated 35 gold pieces to Zin.

Inventory:

Hand Weapons
 a - a +1 antimagic trident (weapon)
Missiles
 d - a throwing net {!f}
 e - a javelin
 f - 42 poisoned darts (quivered)
Armour
 c - a +1 helmet (worn)
 r - a +1 pair of boots (worn)
 t - the +1 ring mail "Qut Fibol" (worn) {rPois rF+ rCorr Int+3}
   (You found it on level 7 of the Dungeon)

   Int:       It affects your intelligence (+3).
   rF:        It protects you from fire.
   rPois:     It protects you from poison.
   rCorr:     It protects you from acid and corrosion.
 u - a +0 pair of gloves (worn)
Wands
 z - a wand of flame (31)
Scrolls
 b - 2 scrolls of identify
 i - 3 scrolls of fog {unknown}
 k - a scroll of enchant weapon {unknown}
 l - a scroll of summoning {unknown}
 n - 4 scrolls of teleportation
 o - 2 scrolls of enchant armour
 v - 3 scrolls of amnesia {unknown}
 w - a scroll of silence {unknown}
 x - a scroll of blinking
 y - 2 scrolls of poison {unknown}
Potions
 g - 2 potions of invisibility
 h - 2 potions of heal wounds {unknown}
 j - a potion of degeneration {unknown}
 m - 2 potions of mutation {unknown}
 p - a potion of magic {unknown}
 q - 4 potions of might
 s - 2 potions of haste {unknown}


   Skills:
 - Level 6.0 Fighting
 + Level 10.3 Polearms
 - Level 5.0 Throwing
 - Level 12.0 Dodging
 - Level 5.0 Invocations


You had 9 spell levels left.
You didn't know any spells.
Your spell library contained the following spells:

 Spells                   Type           Power      Damage    Failure   Level
 Foxfire                  Conj/Fire      0%         2x1d4     54%         1
 Shock                    Conj/Air       0%         1d3       54%         1
 Blink                    Tloc           0%         N/A       67%         2
 Conjure Flame            Conj/Fire      0%         6-21      88%         3
 Inner Flame              Hex/Fire       0%         N/A       88%         3
 Summon Guardian Golem    Hex/Summ       0%         N/A       88%         3
 Swiftness                Air            0%         N/A       88%         3
 Airstrike                Air            0%         2d(0-16)  99%         4
 Flame Wave               Conj/Fire      0%         2d4       99%         4
 Sticky Flame             Conj/Fire      0%         2d3       99%         4
 Summon Lightning Spire   Summ/Air       0%         N/A       99%         4
 Lightning Bolt           Conj/Air       0%         1d11      100%        5
 Manifold Assault         Tloc           0%         N/A       100%        5
 Orb of Destruction       Conj           0%         9d5       100%        7
 Spellforged Servitor     Conj/Summ      0%         N/A       100%        7
 Storm Form               Tmut/Air       0%         N/A       100%        7
 Lehudib's Crystal Spear  Conj/Erth      0%         10d2      100%        8


Dungeon Overview and Level Annotations

Branches:
Dungeon (8/15)             Temple (1/1) D:6
   Lair: D:8-11

Altars:
Ashenzari
Cheibriados
Dithmenos
Elyvilon
Fedhas
Gozag
Makhleb
Nemelex Xobeh
Okawaru
Qazlal
Ru
Sif Muna
Trog
Wu Jian
Yredelemnul
Zin
The Shining One

Shops:
D:6 !

Annotations:
Temple 4 transporters


Innate Abilities, Weirdness & Mutations

((You are very nimble when in or above water. (Stealth+, EV+, Speed+++)))
Your lower body shifts to a powerful aquatic tail in water.


Message History

You puncture the large slime creature!
The large slime creature is severely wounded.
The large slime creature struggles against the net.
The net rips apart, and the large slime creature comes free!
Throw: 3 throwing nets {!f}
Press: ? - help, Shift-Dir - straight line, f/p - large slime creature
Aim: a large slime creature (severely wounded, 84% to hit)
You throw a throwing net {!f}.
The throwing net {!f} completely misses the large slime creature.
The large slime creature misses you.
Throw: 2 throwing nets {!f}
Press: ? - help, Shift-Dir - straight line, f/p - large slime creature
Aim: a large slime creature (severely wounded, 84% to hit)
You throw a throwing net {!f}.
The throwing net {!f} hits the large slime creature.
The large slime creature is caught in the net!
The large slime creature is severely wounded.
You hit the large slime creature.
The large slime creature is severely wounded.
The large slime creature struggles against the net.
You puncture the large slime creature!
The large slime creature is severely wounded.
The large slime creature struggles against the net.
You hit the large slime creature.
The large slime creature is severely wounded.
The large slime creature struggles against the net.
You strike the helpless large slime creature from behind!
You hit the large slime creature.
The large slime creature is severely wounded.
The large slime creature struggles against the net.
You puncture the large slime creature!
The large slime creature is almost dead.
You hit the large slime creature.
The large slime creature is almost dead.
The large slime creature struggles against the net.
The net rips apart, and the large slime creature comes free!
You hit the large slime creature.
The large slime creature is almost dead.
The large slime creature hits you!
You die...

.# #(##.###.#########..#.. ##
#........# #........#.#
####.##### #.########.# ###
###(#######'## #.# ).#
#..)....##...## #.# #.####
#.#.###.#.....######.# .....#
##.#.# #........#......
..##.######....###..........###..
.........(.....J@'...............
.....####.#..>####..........###..
###### #.##.#####.....(..#.# #..
#.##.......#.....##.# #..
#.###########...###.###.. #.#
##'## #...... #.# #.# #####.#
####.##### #.# #.# #........#
##.## #.#


You could see a large slime creature.

Vanquished Creatures
  Pikel (D:6)
  3 slime creatures
  An acid dragon (D:8)
  2 water moccasins (D:7)
  4 ice beasts
  2 black bears
  An ogre (D:5)
  2 lemures (D:6)
  2 kobold brigands (D:7)
  A gnoll sergeant (D:6)
  2 necrophages
  A bullfrog (D:8)
  A scorpion (D:7)
  9 wights
  2 hounds (D:4)
  2 orc priests
  A gnoll bouda (D:7)
  Terence (D:2)
  5 iguanas
  2 orc wizards
  Robin (D:2)
  15 gnolls
  4 adders
  A shadow imp (D:6)
  2 white imps
  2 ufetubi
  4 worms
  A dart slug (D:1)
  15 orcs
  8 endoplasms
  A giant cockroach (D:1)
  13 goblins
  9 hobgoblins
  11 kobolds
  3 quokkas
  5 ball pythons
  3 bats
  3 frilled lizards
  A rat (D:3)
147 creatures vanquished.

Notes
Turn   | Place    | Note
-------+----------+-------------------------------------------
     0 | D:1      | devnull the Merfolk Gladiator began the quest for the Orb.
     0 | D:1      | Reached XP level 1. HP: 16/16 MP: 1/1
   216 | D:1      | Reached XP level 2. HP: 22/22 MP: 2/2
   239 | D:1      | Found a faded altar of an unknown god.
   360 | D:1      | Reached skill level 5 in Polearms
   610 | D:2      | Noticed Robin
   791 | D:2      | Reached XP level 3. HP: 26/27 MP: 3/3
   853 | D:2      | Noticed Terence
   867 | D:2      | Killed Terence
   887 | D:2      | Reached XP level 4. HP: 25/33 MP: 4/4
  1239 | D:2      | Killed Robin
  2039 | D:3      | Reached XP level 5. HP: 22/38 MP: 5/5
  2785 | D:3      | Found a bloodstained altar of Trog.
  3050 | D:3      | Reached skill level 5 in Dodging
  3050 | D:3      | Reached XP level 6. HP: 29/44 MP: 6/6
  3432 | D:4      | Noticed a black bear
  3485 | D:4      | Reached skill level 6 in Dodging
  4192 | D:4      | Found a sparkling altar of Nemelex Xobeh.
  4259 | D:4      | Killed a black bear
  4260 | D:4      | Reached skill level 7 in Dodging
  4260 | D:4      | Reached XP level 7. HP: 50/50 MP: 7/7
  4282 | D:5      | Entered Level 5 of the Dungeon
  4476 | D:5      | Reached skill level 8 in Dodging
  4593 | D:5      | You fall into a shaft and drop 1 floor!
  4809 | D:6      | Found a snail-covered altar of Cheibriados.
  4827 | D:6      | Reached skill level 5 in Fighting
  4830 | D:6      | Got the Volume of Dusty Combustion
  4894 | D:6      | Reached XP level 8. HP: 29/63 MP: 8/8
  5071 | D:6      | Found a basalt altar of Yredelemnul.
  5071 | D:6      | Noticed Pikel
  5147 | D:6      | Killed Pikel
  5148 | D:6      | Reached skill level 5 in Throwing
  5449 | D:6      | Found Plog's Distillery.
  5456 | D:6      | Bought a potion of curing for 45 gold pieces
  5472 | D:6      | Found a glowing silver altar of Zin.
  5508 | D:6      | Became a worshipper of Zin the Law-Giver
  5508 | D:6      | Reached * piety under Zin
  5752 | D:6      | Found a staircase to the Ecumenical Temple.
  5796 | Temple   | Entered the Ecumenical Temple
  5796 | Temple   | Found a transporter.
  5796 | Temple   | Found a transporter.
  5924 | Temple   | Found a transporter.
  5924 | Temple   | Found a transporter.
  6190 | D:6      | Reached XP level 9. HP: 69/69 MP: 9/9
  6426 | D:6      | Reached skill level 10 in Polearms
  6439 | D:7      | Reached skill level 1 in Invocations
  6537 | D:7      | Reached ** piety under Zin
  6591 | D:7      | Identified the +1 ring mail "Qut Fibol" {rPois rF+ rCorr
                  | Int+3}
  6759 | D:7      | Found a white marble altar of Elyvilon.
  7172 | D:7      | HP: 1/69 [ice beast (5)]
  7511 | D:7      | Reached skill level 5 in Invocations
  8232 | D:7      | Reached skill level 9 in Dodging
  8329 | D:6      | Bought a potion of might for 60 gold pieces
  8614 | D:8      | Reached skill level 10 in Dodging
  8638 | D:8      | Zin protects you from harm!
  9015 | D:8      | Reached skill level 11 in Dodging
  9227 | D:7      | Reached XP level 10. HP: 56/76 MP: 4/13
  9242 | D:7      | Reached skill level 12 in Dodging
  9438 | D:7      | HP: 2/76 [slime creature (11)]
  9456 | D:7      | Slain by a large slime creature

Illustrated notes

Levels and vault maps discovered:
D:1:      mrwooster_arrival_statue_2, layout_basic,
          ebering_ecumenical_altar_petrified
D:2:      layout_loops_cross, uniq_terence, uniq_robin
D:3:      layout_loops_ring, trog_hazing_becter, hangedman_glass_teeth
D:4:      layout_cave_pools, general_overflow_altar
D:5:      layout_basic, kennysheep_mini_moat, vehumet_altar_wand_db,
          lemuel_zombie_altar_kikubaaqudgha, nicolae_fountain_basement,
          uniq_menkaure
D:6:      layout_loops_corners, lemuel_crystal_altar,
          mainiacjoe_overflow_concentric_impassable,
          mainiacjoe_overflow_cross_hatched, temple_statues,
          chequers_serial_rivers_room_b, nicolae_stop_n_shop_2, uniq_pikel
D:7:      layout_loops_corners, mainiacjoe_overflow_paths, minmay_checkerbox
D:8:      layout_loops_cross, dancing_weapons_uskayaw
Temple:   hellmonk_temple_divided_pantheon

Skill      XL: |  1  2  3  4  5  6  7  8  9 10 |
---------------+-------------------------------+-----
Polearms       | 5 6 7 8 9 10 | 10.3
Dodging        | 5 7 8 11 12 | 12.0
Fighting       | 5 6 |  6.0
Throwing       | 5 |  5.0
Invocations    | 5 |  5.0

Action                   |  1- 3 |  4- 6 |  7- 9 | 10-12 || total
-------------------------+-------+-------+-------+-------++-------
Melee: Trident           |    42 |   246 |   427 |    45 ||   760
       Punch             |       |     1 |     5 |       ||     6
Throw: Dart              |     7 |     9 |    26 |       ||    42
       Throwing net      |       |       |     1 |     3 ||     4
Invok: Recite            |       |       |     4 |       ||     4
Evoke: Wand              |       |       |     5 |       ||     5
  Use: Scroll            |       |     4 |     6 |       ||    10
       Potion            |       |       |     3 |       ||     3
 Stab: Sleeping          |     1 |     3 |       |       ||     4
       Held in net/web   |       |       |     2 |     1 ||     3
Armor: Leather armour    |     5 |    54 |    41 |       ||   100
       Skin              |       |       |    24 |       ||    24
       Ring mail         |       |       |    21 |     3 ||    24
Dodge: Dodged            |    23 |   133 |   248 |    17 ||   421
